 Dungeon Crawl Stone Soup version 0.31-a0-149-g3fdcc5976a (webtiles) character file.

Game seed: 6514653903367601250

61 qw the Shooter (level 3, -9/31 HPs)
             Began as a Minotaur Hunter on June 7, 2023.
             Killed by divine providence
             ... invoked by an orc priest
              (13 damage)
             ... on level 3 of the Dungeon.
             The game lasted 00:00:38 (1800 turns).

qw the Shooter (Minotaur Hunter)                    Turns: 1800, Time: 00:00:38

Health: -9/31      AC:  5    Str: 15    XL:     3   Next: 83%
Magic:  2/2        EV: 11    Int:  6    God:
Gold:   112        SH:  0    Dex: 15    Spells: 2/2 levels left

rFire   . . .        Y - +1 shortbow
rCold   . . .        (shield currently unavailable)
rNeg    . . .        f - +0 ring mail
rPois   .            (helmet restricted)
rElec   .            (no cloak)
rCorr   .            (no gloves)
SInv    .            (no boots)
Will    +....        (no amulet)
Stlth   +            h - ring of willpower
HPRegen 0.25/turn    (no ring)
MPRegen 0.08/turn

%: no passive effects
@: no status effects
A: horns 2, retaliatory headbutt
a: no special abilities


You were on level 3 of the Dungeon.
You visited 1 branch of the dungeon, and saw 3 of its levels.

You collected 112 gold pieces.


Innate Abilities, Weirdness & Mutations

You have a pair of horns on your head.
You reflexively headbutt those who attack you in melee.


   Skills:
 - Level 3.0 Fighting
 - Level 5.7 Ranged Weapons
 + Level 0.6 Armour
 - Level 2.1 Dodging
 - Level 0.7 Stealth


You had 2 spell levels left.
You didn't know any spells.
Your spell library was empty.

Inventory:

Hand Weapons
 Y - a +1 shortbow (weapon)
Armour
 f - a +0 ring mail (worn)
Jewellery
 h - a ring of willpower (left hand)
Potions
 a - a potion of heal wounds
 d - a potion of brilliance {unknown}

Dungeon Overview and Level Annotations

Branches:
Dungeon (3/15)

Altars:

Shops:
D:2 (


Message History

An orc priest comes into view. It is wielding a +0 dagger.
Found 19 gold pieces and a scroll of teleportation.
The orc priest shouts!
You hear a shout! x2
An orc wizard comes into view. It is wielding a +0 dagger.
1777 ||| Stepping ~*~*~tactically~*~*~ (outnumbered).
You hear the slow rusting of a very distant drain.
The orc priest invokes the aid of Beogh against you.
Beogh smites you!
1779 ||| Stepping ~*~*~tactically~*~*~ (outnumbered).
An orc comes into view. It is wielding a staff of earth.
1780 ||| FLEEEEING.
1781 ||| FLEEEEING.
1782 ||| FLEEEEING.
You shoot an arrow. The arrow hits the orc wizard.
The orc wizard is moderately wounded.
The orc wizard gestures wildly while chanting.
The orc wizard flickers and vanishes!
Deactivating autopickup; reactivate with Ctrl-A.
1784 ||| FLEEEEING.
1785 ||| FLEEEEING.
1786 ||| FLEEEEING.
1787 ||| FLEEEEING.
The orc priest mumbles some strange prayers to Beogh against you.
Beogh smites you!
1788 ||| FLEEEEING.
1792 ||| FLEEEEING.
A puff of flame appears from out of thin air!
The puff of flame hits you!
1793 ||| FLEEEEING.
You see here a wand of charming (13).
1794 ||| FLEEEEING.
1795 ||| FLEEEEING.
1796 ||| FLEEEEING.
1797 ||| FLEEEEING.
1798 ||| FLEEEEING.
1799 ||| FLEEEEING.
1800 ||| FLEEEEING.
The orc priest mumbles some strange prayers to Beogh against you.
Beogh smites you!
You die...

##### #######...#
#..%.@....#
#.####....# #
#.#<.#....#
#.##.##.#....# #
#.#.....#....#.#
######.#######o.....#
..................###
#...#.#...#./.o....#
#.#...#.#......%..#


You could see an orc priest and an orc.

Vanquished Creatures
  A worm (D:2)
  2 dart slugs (D:2)
  5 ball pythons
  4 endoplasms
  3 giant cockroaches
  3 goblins
  2 hobgoblins
  9 jackals
  4 quokkas
  5 bats
  5 frilled lizards
  4 kobolds
  2 rats
49 creatures vanquished.

Notes
Turn   | Place    | Note
-------+----------+-------------------------------------------
     0 | D:1      | qw the Minotaur Hunter began the quest for the Orb.
     0 | D:1      | Reached XP level 1. HP: 18/18 MP: 0/0
     0 | D:1      | 0 ||| qw: Version: 0.2-a-117-gc6b5c8b
     0 | D:1      | 0 ||| qw: Game counter: 2628
     0 | D:1      | 0 ||| qw: Always use a shield: true
     0 | D:1      | 0 ||| qw: God list: Okawaru
     0 | D:1      | 0 ||| qw: Allow faded altars: false
     0 | D:1      | 0 ||| qw: Do Orc after D:15 true
     0 | D:1      | 0 ||| qw: Do second Lair branch before Depths: true
     0 | D:1      | 0 ||| qw: Lair rune preference: random
     0 | D:1      | 0 ||| qw: Plans: Normal
     0 | D:1      | 0 ||| PLANNING D:1-11
   204 | D:1      | Reached XP level 2. HP: 25/25 MP: 1/1
   218 | D:1      | Reached skill level 5 in Ranged Weapons
   757 | D:1      | 757 ||| UPGRADING to ring of willpower.
   758 | D:1      | 758 ||| READING scroll labelled CEKAHU LOISTU.
   762 | D:1      | 762 ||| READING scroll labelled NAXASTUEPA.
   763 | D:1      | 763 ||| READING scroll labelled CIEWKI QASI.
   764 | D:1      | 764 ||| READING scroll labelled CIURYM RULIA.
   765 | D:1      | 765 ||| DROPPING scroll of butterflies.
   776 | D:2      | Reached skill level 3 in Fighting
   827 | D:2      | Reached XP level 3. HP: 31/31 MP: 2/2
  1392 | D:2      | Found Xuvvidghi's Weapon Shop.
  1635 | D:2      | 1635 ||| UPGRADING to +0 ring mail.
  1645 | D:2      | 1645 ||| DROPPING +0 leather armour.
  1646 | D:2      | 1646 ||| READING scroll labelled YLOSYGR SIEC.
  1647 | D:2      | 1647 ||| READING scroll labelled BOTU FUDUDUST.
  1648 | D:2      | 1648 ||| READING scroll labelled JEDOVA AVAIMEXIX.
  1649 | D:2      | 1649 ||| READING scroll labelled KISATHRUQUJU.
  1650 | D:2      | 1650 ||| DRINKING 2 grey potions.
  1651 | D:2      | 1651 ||| DRINKING 2 glowing emerald potions.
  1683 | D:2      | 1683 ||| DROPPING potion of lignification.
  1730 | D:3      | 1730 ||| PLANNING SEWER
  1777 | D:3      | 1777 ||| Stepping ~*~*~tactically~*~*~ (outnumbered).
  1779 | D:3      | 1779 ||| Stepping ~*~*~tactically~*~*~ (outnumbered).
  1780 | D:3      | 1780 ||| FLEEEEING.
  1781 | D:3      | 1781 ||| FLEEEEING.
  1782 | D:3      | 1782 ||| FLEEEEING.
  1784 | D:3      | 1784 ||| FLEEEEING.
  1785 | D:3      | 1785 ||| FLEEEEING.
  1786 | D:3      | 1786 ||| FLEEEEING.
  1787 | D:3      | 1787 ||| FLEEEEING.
  1788 | D:3      | 1788 ||| FLEEEEING.
  1792 | D:3      | 1792 ||| FLEEEEING.
  1792 | D:3      | HP: 2/31 [something/puff of flame (8)]
  1793 | D:3      | 1793 ||| FLEEEEING.
  1794 | D:3      | 1794 ||| FLEEEEING.
  1795 | D:3      | 1795 ||| FLEEEEING.
  1796 | D:3      | 1796 ||| FLEEEEING.
  1797 | D:3      | 1797 ||| FLEEEEING.
  1798 | D:3      | 1798 ||| FLEEEEING.
  1799 | D:3      | 1799 ||| FLEEEEING.
  1800 | D:3      | 1800 ||| FLEEEEING.
  1800 | D:3      | Killed from afar by an orc priest

Levels and vault maps discovered:
D:1:      wheals_arrival_linesprint, layout_basic, minivault_26, minivault_19,
          palyth_stone_intersect
D:2:      minmay_door_path, layout_loops_ring, serial_shops,
          nicolae_shop_pleasant_corner_grove
D:3:      layout_basic, gup_sewer_entry_pipe, ebering_ecumenical_altar_rust,
          minmay_splitting_lines, minmay_fractal_squares_diagonal_5

Skill      XL: |  1  2 |
---------------+-------+-----
Ranged Weapons | 5 |  5.7
Fighting       | 3 |  3.0
Armour         | |  0.6
Dodging        | |  2.1
Stealth        | |  0.7

Action                     || total
---------------------------++-------
   Fire: Shortbow          ||   116
    Use: Scroll            ||     8
         Potion            ||     2
 Armour: Leather armour    ||    10
  Dodge: Dodged            ||    38

Table legend:
 A = Non-vault XP
 B = Vault XP
 C = Vault XP percentage of total XP
 D = Non-vault monster count
 E = Vault monster count
 F = Vault count percentage of total count
                 A         B        C        D         E       F
            +---------+---------+-------+---------+---------+-------
      Total |      78 |      10 |  11.4 |      44 |       5 |  10.2
            +---------+---------+-------+---------+---------+-------
        D:1 |      28 |       0 |   0.0 |      17 |       0 |   0.0
        D:2 |      43 |      10 |  18.9 |      23 |       5 |  17.9
        D:3 |       7 |       0 |   0.0 |       4 |       0 |   0.0
            +---------+---------+-------+---------+---------+-------
